 Dungeon Crawl Stone Soup version 0.28-a0-895-g6e5f11b (webtiles) character file.

Game seed: 4417938746248584414

708 Dorkslayer the Covered (level 7, -9/44 HPs)
             Began as a Gargoyle Fighter on Nov 13, 2021.
             Killed from afar by an acid dragon (28 damage)
             ... with a splash of acid
             ... on level 5 of the Dungeon on Nov 22, 2021.
             The game lasted 00:12:31 (3296 turns).

Dorkslayer the Covered (Gargoyle Fighter)           Turns: 3296, Time: 00:12:32

Health: -9/44      AC: 15    Str: 22    XL:     7   Next: 67%
Magic:  7/7        EV:  8    Int:  8    God:
Gold:   271        SH:  9    Dex:  9    Spells: 6/6 levels left

rFire   . . .      SeeInvis .   a - +2 long sword
rCold   . . .      Faith    .   c - +0 buckler
rNeg    + . .      Spirit   .   e - +0 chain mail
rPois   ∞          Reflect  +   (no helmet)
rElec   +          Harm     .   h - +0 cloak
rCorr   .          Rampage  .   (no gloves)
Will    +....                   (no boots)
Stlth   ..........              i - amulet of reflection
HPRegen 0.14/turn               b - ring of willpower
MPRegen 0.10/turn               (no ring)

@: no status effects
A: sickness immunity, AC +4, negative energy resistance 1, electricity
resistance, torment resistance 1, petrification resistance
a: no special abilities


You were on level 5 of the Dungeon.
You visited 1 branch of the dungeon, and saw 5 of its levels.
You also visited: Ossuary.

You collected 271 gold pieces.

Inventory:

Hand Weapons
 a - a +2 long sword (weapon)
Missiles
 j - 20 poisoned darts (quivered)
Armour
 c - a +0 buckler (worn)
 e - a +0 chain mail (worn)
 h - a +0 cloak (worn)
Jewellery
 b - a ring of willpower (left hand)
 i - an amulet of reflection (around neck)
Scrolls
 d - 2 scrolls of magic mapping
 f - a scroll of amnesia {unknown}
 g - 2 scrolls of teleportation
 k - a scroll of enchant weapon
 l - a scroll of silence {unknown}
 m - a scroll of vulnerability {unknown}
 p - 2 scrolls of brand weapon {unknown}
 q - a scroll of torment {unknown}
Potions
 n - 2 potions of heal wounds
 o - 2 potions of curing


   Skills:
 + Level 4.7 Fighting
 + Level 4.8 Long Blades
 + Level 1.2 Throwing
 + Level 5.1 Armour
 + Level 1.5 Dodging
 + Level 0.6 Stealth
 + Level 4.7 Shields


You had 6 spell levels left.
You didn't know any spells.
Your spell library was empty.

Dungeon Overview and Level Annotations

Branches:
Dungeon (5/15)             Temple (0/1) D:5         Ossuary (visited)

Altars:
Qazlal
Trog
Wu Jian

Annotations:
D:5 2 transporters, jonnos's ghost, novice MiFi


Innate Abilities, Weirdness & Mutations

You are immune to sickness and miasma.
Your stone body is resilient. (AC +4)
You are immune to poison.
You resist negative energy. (rN+)
You are resistant to electric shocks. (rElec)
You are resistant to unholy torment.
You are immune to petrification.


Message History

The water moccasin bites you but does no damage.
You block the water moccasin's attack.
You miss the water moccasin.
The water moccasin is moderately wounded.
The water moccasin barely misses you.
You hit the water moccasin.
The water moccasin is heavily wounded.
You block the water moccasin's attack. The water moccasin bites you!
You slash the water moccasin!
The water moccasin is severely wounded.
The water moccasin bites you but does no damage.
The water moccasin closely misses you.
You slash the water moccasin!
The water moccasin is almost dead.
You block the water moccasin's attack.
You barely miss the water moccasin.
The water moccasin is almost dead.
You block the water moccasin's attack.
The water moccasin bites you but does no damage.
You slash the water moccasin!
You kill the water moccasin!
You miss the adder. The adder misses you. You block the adder's attack.
You barely miss the adder. You block the adder's attack.
You miss the adder. You block the adder's attack. The adder barely misses you.
You miss the adder. The adder completely misses you.
You barely miss the adder. The adder barely misses you.
You block the adder's attack.
You barely miss the adder. You block the adder's attack.
You hit the adder.
The adder is lightly wounded.
The adder barely misses you. You block the adder's attack.
You hit the adder.
The adder is heavily wounded.
The adder bites you but does no damage.
You slash the adder!
You kill the adder!
The acid dragon spits acid at you. The splash of acid hits you!!
Ouch! That really hurt!
You die...

*,,,,,****,,,,,,,,,,,,
**,#.** *,.....,**,**
*,*.##***,....,,,,,,,
*,*.<.,,,,...###**,*,
*,,...,,,,.....,,⌠,⌠,
***#.#**,*...#**,,_,,
#.# **,..#* **⌠,⌠,
#.#####.#* **,*,
#@##.D..##### *,,,
****#†##.#.#.<..# ***,
**,,,##D..._..##.#****,
*,,,,,#.###.###*,,,,,,,
*,,>,,+.# #..###.#*****
*,,,,,### ##.....#
**,,,### #.#.###
***##.# #.#.# #..#
#.#.#


You could see an acid dragon (catching breath).

Vanquished Creatures
  A water moccasin (D:5)
  A black bear (D:4)
  An ogre (D:4)
  An elf zombie (Ossuary)
  A scorpion (D:5)
  A centaur zombie (Ossuary)
  2 human zombies (Ossuary)
  2 iguanas
  2 mummies (Ossuary)
  6 adders
  An adder zombie (Ossuary)
  2 worms (D:3)
  2 dart slugs
  An orc (D:4)
  5 endoplasms
  4 hobgoblins
  7 jackals
  8 kobolds
  A quokka (D:2)
  5 ball pythons
  6 bats
  2 frilled lizards
  3 goblins
  2 goblin zombies (Ossuary)
  9 hobgoblin zombies (Ossuary)
  2 jackal zombies (Ossuary)
  9 kobold zombies (Ossuary)
  10 orc zombies (Ossuary)
  7 rats
104 creatures vanquished.

Notes
Turn   | Place    | Note
-------+----------+-------------------------------------------
     0 | D:1      | Dorkslayer the Gargoyle Fighter began the quest for the
                  | Orb.
     0 | D:1      | Reached XP level 1. HP: 14/14 MP: 1/1
    11 | D:1      | Found a faded altar of an unknown god.
   160 | D:1      | Reached XP level 2. HP: 13/19 MP: 2/2
   609 | D:2      | Reached XP level 3. HP: 24/24 MP: 3/3
  1081 | D:3      | Upgraded the game from 0.28-a0-850-g09de17f to
                  | 0.28-a0-895-g6e5f11b
  1420 | D:3      | Reached XP level 4. HP: 29/29 MP: 4/4
  1919 | D:4      | Noticed a black bear
  1934 | D:4      | Killed a black bear
  1935 | D:4      | Reached skill level 4 in Armour
  1935 | D:4      | Reached XP level 5. HP: 33/33 MP: 5/5
  2096 | D:4      | Noticed an ogre
  2128 | D:4      | Killed an ogre
  2129 | D:4      | Reached skill level 1 in Dodging
  2129 | D:4      | Reached XP level 6. HP: 7/39 MP: 6/6
  2439 | D:5      | Entered Level 5 of the Dungeon
  2457 | D:5      | Found a sand-covered staircase.
  2467 | Ossuary  | Entered an ossuary
  2956 | Ossuary  | Reached skill level 1 in Throwing
  2956 | Ossuary  | Reached XP level 7. HP: 35/44 MP: 7/7
  3087 | D:5      | Found a bloodstained altar of Trog.
  3087 | D:5      | Found an ornate altar of the Wu Jian Council.
  3190 | D:5      | Found a transporter.
  3191 | D:5      | Noticed jonnos's ghost (novice MiFi)
  3199 | D:5      | Found a transporter.
  3236 | D:5      | Found a stormy altar of Qazlal.
  3259 | D:5      | Reached skill level 5 in Armour
  3296 | D:5      | Killed from afar by an acid dragon

Illustrated notes

Levels and vault maps discovered:
D:1:      dpeg_arrival_pits, layout_rooms, hellmonk_ecumenical_altar_crossroads
D:2:      layout_rooms
D:3:      layout_basic
D:4:      layout_loops_cross
D:5:      layout_loops_ring, nemelex_xobeh_ov_fountains_minmay,
          lemuel_crystal_altar, jmf_multi_god_temple,
          minmay_temple_entry_enclosed_plants, gammafunk_ghost_arena,
          lightli_ossuary_entry_decrepit_ruins, dk_noncrumbling_3

Skill      XL: |  1  2  3  4  5  6  7 |
---------------+----------------------+-----
Long Blades    | 2 3 4 |  4.8
Fighting       | 4 |  4.7
Armour         | 4 5 |  5.1
Dodging        | 1 |  1.5
Shields        | 4 |  4.7
Throwing       | 1 |  1.2
Stealth        | |  0.6

Action                   |  1- 3 |  4- 6 |  7- 9 || total
-------------------------+-------+-------+-------++-------
Melee: Long sword        |   133 |   215 |    53 ||   401
Throw: Dart              |       |     8 |     4 ||    12
  Use: Scroll            |     3 |     3 |     3 ||     9
       Potion            |       |     3 |       ||     3
Armor: Scale mail        |    78 |    33 |       ||   111
       Chain mail        |       |    92 |    24 ||   116
Dodge: Dodged            |    62 |    88 |    18 ||   168
Block: Buckler           |    57 |    93 |    34 ||   184
       Reflection        |     2 |       |       ||     2

Table legend: (Time is in decaauts)
 A = Elapsed time spent in this place.
 B = Non-inter-level travel time spent in this place.
 C = Inter-level travel time spent in this place.
 D = Time resting spent in this place.
 E = Time spent auto-exploring this place.
 F = Levels seen in this place.
 G = Mean time per level.
                   A        B        C        D        E       F      G
               +--------+--------+--------+--------+--------+-----+--------+
         Total |   3394 |   3394 |      0 |    325 |    293 |   6 |  565.7 |
       Dungeon |   2771 |   2771 |      0 |    133 |    293 |   5 |  554.2 |
       Ossuary |    623 |    623 |      0 |    192 |      0 |   1 |  623.0 |
               +--------+--------+--------+--------+--------+-----+--------+

Top non-repeatable levels by time:
     D:4: 810 daAuts
 Ossuary: 623 daAuts
     D:1: 621 daAuts
     D:3: 598 daAuts
     D:2: 466 daAuts
     D:5: 273 daAuts
